 Dungeon Crawl Stone Soup version 0.27-a0-1590-g15f69828bf (webtiles) character file.

Game seed: 1652152370951804254

63 DocClef the Covert (level 4, -1/41 HPs)
             Began as a Gnoll Delver on July 18, 2021.
             Slain by a hound (2 damage)
             ... on level 6 of the Dungeon.
             The game lasted 00:00:19 (45 turns).

DocClef the Covert (Gnoll Delver)                     Turns: 45, Time: 00:00:19

Health: -1/41      AC:  3    Str: 13    XL:     4   Next: 9%
Magic:  2/5        EV: 13    Int:  9    God:
Gold:   11         SH:  0    Dex: 13    Spells: 5/5 levels left

rFire    . . .     SeeInvis .   a - +0 short sword
rCold    . . .     Faith    .   (no shield)
rNeg     . . .     Spirit   .   b - +0 leather armour
rPois    .         Reflect  .   (no helmet)
rElec    .         Harm     .   (no cloak)
rCorr    .         Rampage  .   (no gloves)
Will     .....                  (no boots)
Stlth    ++++......             (no amulet)
HPRegen  0.13/turn              (no ring)
MPRegen  0.09/turn              (no ring)

@: no status effects
A: fangs 1, strong nose, distributed training
a: no special abilities


You were on level 6 of the Dungeon.
You visited 1 branch of the dungeon, and saw 2 of its levels.

You collected 11 gold pieces.

Inventory:

Hand Weapons
 a - a +0 short sword (weapon)
Armour
 b - a +0 leather armour (worn)
Wands
 g - a wand of digging (3)
Scrolls
 c - a scroll of fog
 d - a scroll of magic mapping
 e - a scroll of fear
 h - a scroll of identify {unknown}
Potions
 f - a potion of haste


   Skills:
 + Level 6.6 Fighting
 + Level 4.6 Short Blades
 + Level 1.0 Long Blades
 + Level 1.0 Axes
 + Level 1.0 Maces & Flails
 + Level 1.0 Polearms
 + Level 1.0 Staves
 + Level 1.0 Slings
 + Level 1.0 Bows
 + Level 1.0 Crossbows
 + Level 1.0 Throwing
 + Level 1.0 Armour
 + Level 4.6 Dodging
 + Level 9.6 Stealth
 + Level 1.0 Shields
 + Level 1.0 Unarmed Combat
 + Level 1.0 Spellcasting
 + Level 0.8 Conjurations
 + Level 0.8 Hexes
 + Level 0.8 Summonings
 + Level 0.8 Necromancy
 + Level 0.8 Translocations
 + Level 0.8 Transmutations
 + Level 0.8 Fire Magic
 + Level 0.8 Ice Magic
 + Level 0.8 Air Magic
 + Level 0.8 Earth Magic
 + Level 0.8 Poison Magic
 + Level 1.1 Invocations
 + Level 1.0 Evocations


You had 5 spell levels left.
You didn't know any spells.
Your spell library was empty.

Dungeon Overview and Level Annotations

Branches:
Dungeon (6/15)
 Temple: D:4-7

Altars:


Innate Abilities, Weirdness & Mutations

You have very sharp teeth.
Your uncanny sense of smell can sniff out nearby items.
Your experience applies equally to all skills.


Message History

You barely miss the hound.
The hound is moderately wounded.
The hound bites you.
* * * LOW HITPOINT WARNING * * *
You hit the hound but do no damage. Your bite misses the hound.
The hound is moderately wounded.
The hound closely misses you. x2
You hit the hound. Your bite misses the hound.
The hound is heavily wounded.
The hound misses you.
You closely miss the hound. Your bite misses the hound.
The hound is heavily wounded.
The hound bites you.
* * * LOW HITPOINT WARNING * * *
Unknown command.
You barely miss the hound.
The hound is heavily wounded.
The hound barely misses you. x2
You hit the hound but do no damage.
The hound is heavily wounded.
The hound closely misses you.
Unknown command.
You hit the hound.
The hound is severely wounded.
The hound misses you.
You hit the hound but do no damage. You bite the hound, but do no damage.
The hound is severely wounded.
The hound misses you. The hound bites you.
* * * LOW HITPOINT WARNING * * *
You hit the hound.
The hound is almost dead.
The hound misses you.
Unknown command.
You barely miss the hound.
The hound is almost dead.
The hound closely misses you.
You barely miss the hound.
The hound is almost dead.
The hound closely misses you. The hound bites you.
You die...

## .. # ##. ...##.
.. ......### .####
........##.....
....##<..####
#.........h@.#
#.o.#####+##......#
.o .###### .. ∆ .#.
∆ ∆ .#.# ∆ .#∆# ∆
.#


You could see a hound.

Vanquished Creatures
  A bullfrog (D:6)
1 creature vanquished.

Notes
Turn   | Place    | Note
-------+----------+-------------------------------------------
     0 | D:5      | Reached skill level 9 in Stealth
     0 | D:5      | DocClef the Gnoll Delver began the quest for the Orb.
     0 | D:5      | Reached XP level 1. HP: 23/23 MP: 1/1
    11 | D:5      | Noticed a hound
    12 | D:5      | Noticed an iguana
    25 | D:6      | Noticed a bullfrog
    27 | D:6      | Killed a bullfrog
    28 | D:6      | Reached skill level 1 in Long Blades
    28 | D:6      | Reached skill level 1 in Axes
    28 | D:6      | Reached skill level 1 in Maces & Flails
    28 | D:6      | Reached skill level 1 in Polearms
    28 | D:6      | Reached skill level 1 in Staves
    28 | D:6      | Reached skill level 1 in Slings
    28 | D:6      | Reached skill level 1 in Bows
    28 | D:6      | Reached skill level 1 in Crossbows
    28 | D:6      | Reached skill level 1 in Throwing
    28 | D:6      | Reached skill level 1 in Armour
    28 | D:6      | Reached skill level 1 in Shields
    28 | D:6      | Reached skill level 1 in Unarmed Combat
    28 | D:6      | Reached skill level 1 in Spellcasting
    28 | D:6      | Reached skill level 1 in Invocations
    28 | D:6      | Reached skill level 1 in Evocations
    28 | D:6      | Reached XP level 2. HP: 12/29 MP: 1/3
    28 | D:6      | Reached XP level 3. HP: 15/35 MP: 1/4
    28 | D:6      | Reached XP level 4. HP: 17/41 MP: 1/5
    42 | D:6      | HP: 1/41 [hound (4)]
    45 | D:6      | Slain by a hound

Illustrated notes

Levels and vault maps discovered:
D:5:      layout_cave_pools, nicolae_uskayaw_suspiria, marbit_many_paths,
          uniq_crazy_yiuf_cottage
D:6:      layout_rooms, led_sif_pool, jmf_multi_god_temple,
          chequers_decorated_corner, nicolae_specific_store, uniq_grinder,
          uniq_prince_ribbit1

Skill      XL: |  1 |
---------------+----+-----
Stealth        | |  9.6
Long Blades    | 1 |  1.0
Axes           | 1 |  1.0
Maces & Flails | 1 |  1.0
Polearms       | 1 |  1.0
Staves         | 1 |  1.0
Slings         | 1 |  1.0
Bows           | 1 |  1.0
Crossbows      | 1 |  1.0
Throwing       | 1 |  1.0
Armour         | 1 |  1.0
Shields        | 1 |  1.0
Unarmed Combat | 1 |  1.0
Spellcasting   | 1 |  1.0
Invocations    | 1 |  1.1
Evocations     | 1 |  1.0
Fighting       | |  6.6
Short Blades   | |  4.6
Dodging        | |  4.6
Conjurations   | |  0.8
Hexes          | |  0.8
Summonings     | |  0.8
Necromancy     | |  0.8
Translocations | |  0.8
Transmutations | |  0.8
Fire Magic     | |  0.8
Ice Magic      | |  0.8
Air Magic      | |  0.8
Earth Magic    | |  0.8
Poison Magic   | |  0.8

Action                   |  1- 3 |  4- 6 || total
-------------------------+-------+-------++-------
Melee: Short sword       |     2 |    15 ||    17
       Bite              |       |     2 ||     2
 Stab: Sleeping          |     1 |       ||     1
Armor: Leather armour    |     1 |     2 ||     3
Dodge: Dodged            |     5 |    14 ||    19

Table legend: (Time is in decaauts)
 A = Elapsed time spent in this place.
 B = Non-inter-level travel time spent in this place.
 C = Inter-level travel time spent in this place.
 D = Time resting spent in this place.
 E = Time spent auto-exploring this place.
 F = Levels seen in this place.
 G = Mean time per level.
                   A        B        C        D        E       F      G
               +--------+--------+--------+--------+--------+-----+--------+
         Total |     42 |     42 |      0 |      0 |     10 |   2 |   21.0 |
       Dungeon |     42 |     42 |      0 |      0 |     10 |   2 |   21.0 |
               +--------+--------+--------+--------+--------+-----+--------+

Top non-repeatable levels by time:
     D:5: 24 daAuts
     D:6: 17 daAuts
